General information
- name: BNet
- type: Ladder team game (AT/RT)
- host: Battle.net
- saver: ReignlForever
map: Cherryville
- players: 8
- length: 24:38
- speed: Fast
- version: 1.26 W3XP
- replay type: Public
» download(202 KB)
Players
team 1 (winner)

»
Chevy (
yellow | 76 APM | 1871 actions | 24:36)
6 Priestess of the Moon
2 Searing Arrows
3 Trueshot Aura
1 Starfall
4 Keeper of the Grove
2 Entangling Roots
2 Thorns Aura
» actions
| Assign group hotkey | 28 | |
| Basic commands | 68 | |
| Build / train | 86 | |
| ESC pressed | 8 | |
| Enter build submenu | 21 | |
| Enter hero's abilities submenu | 11 | |
| Give item / drop item | 1 | |
| Remove unit from queue | 7 | |
| Right click | 680 | |
| Select / deselect | 359 | |
| Select group hotkey | 538 | |
| Use ability | 64 | |
1871 total
» units
| Wisp | 23 | |
| Archer | 11 | |
| Dryad | 10 | |
| Mountain Giant | 3 | |
| Druid of the Talon | 2 | |
| Hippogryph | 2 | |
| Glaive Thrower | 2 | |
53 total
» upgrades
| Moon Armor | 1 | |
| Improved Bows | 1 | |
| Reinforced Hides | 3 | |
| Abolish Magic | 1 | |
| Strength of the Wild | 1 | |
| Hardened Skin | 1 | |
8 total
» buildings
| Altar of Elders | 1 | |
| Moon Well | 10 | |
| Ancient of War | 1 | |
| Hunter's Hall | 1 | |
| Ancient of Wonders | 1 | |
| Tree of Ages | 1 | |
| Ancient of Lore | 2 | |
| Tree of Life | 3 | |
| Ancient of Wind | 1 | |
| Tree of Eternity | 1 | |
22 total
» build order
00:06 Altar of Elders
00:13 Moon Well
00:53 Ancient of War
01:43 Moon Well
02:06 Hunter's Hall
02:42 Ancient of Wonders
03:03 Moon Well
03:41 Tree of Ages
05:11 Moon Well
06:48 Ancient of Lore
06:54 Ancient of Lore
10:29 Tree of Life
10:40 Ancient of Wind
10:49 Tree of Eternity
12:11 Moon Well
12:15 Moon Well
22:29 Moon Well
22:32 Moon Well
23:54 Tree of Life
23:58 Tree of Life
24:10 Moon Well
24:14 Moon Well
» items
| Dust of Appearance | 1 | |
| Orb of Venom | 1 | |
| Scroll of Town Portal | 2 | |
4 total
Glockstompa (
red | 47 APM | 1165 actions | 24:36)
6 Far Seer
2 Feral Spirit
3 Chain Lighting
1 Earth Quake
5 Shadow Hunter
3 Healing Wave
2 Hex
» actions
| Assign group hotkey | 30 | |
| Build / train | 77 | |
| ESC pressed | 7 | |
| Enter build submenu | 16 | |
| Enter hero's abilities submenu | 11 | |
| Give item / drop item | 1 | |
| Remove unit from queue | 2 | |
| Right click | 381 | |
| Select / deselect | 414 | |
| Select group hotkey | 117 | |
| Use ability | 109 | |
1165 total
» units
| Peon | 15 | |
| Grunt | 5 | |
| Shaman | 9 | |
| Tauren | 4 | |
| Troll Witch Doctor | 1 | |
34 total
» upgrades
| Melee Weapons | 3 | |
| Armor | 2 | |
| Shaman Training | 2 | |
| Reinforced Defenses | 1 | |
| Pulverize | 1 | |
| Witch Doctor Training | 2 | |
11 total
» buildings
| Orc Burrow | 7 | |
| Altar of Storms | 1 | |
| Barracks | 1 | |
| War Mill | 1 | |
| Voodoo Lounge | 2 | |
| Great Hall | 1 | |
| Watch Tower | 6 | |
| Stronghold | 1 | |
| Spirit Lodge | 2 | |
| Fortress | 1 | |
| Tauren Totem | 2 | |
25 total
» build order
00:06 Orc Burrow
00:07 Altar of Storms
01:01 Barracks
01:29 Orc Burrow
02:26 War Mill
03:06 Voodoo Lounge
03:12 Orc Burrow
04:24 Great Hall
04:46 Watch Tower
04:48 Watch Tower
04:50 Watch Tower
04:52 Watch Tower
05:57 Stronghold
07:29 Watch Tower
07:31 Watch Tower
08:32 Spirit Lodge
08:34 Spirit Lodge
10:34 Fortress
11:39 Orc Burrow
13:34 Tauren Totem
13:35 Tauren Totem
13:43 Orc Burrow
14:39 Voodoo Lounge
15:52 Orc Burrow
15:53 Orc Burrow
» items
| Healing Salve | 2 | |
| Lesser Clarity Potion | 2 | |
| Scroll of Town Portal | 3 | |
| Orb of Lightning | 1 | |
| Potion of Healing | 1 | |
| Scroll of Speed | 1 | |
10 total
ReignlForever (
teal | 92 APM | 2259 actions | 24:37)
9 Blood Mage
3 Flame Strike
3 Siphon Mana
1 Summon Phoenix
2 Banish
» actions
| Assign group hotkey | 53 | |
| Basic commands | 125 | |
| Build / train | 159 | |
| ESC pressed | 6 | |
| Enter build submenu | 48 | |
| Enter hero's abilities submenu | 9 | |
| Give item / drop item | 9 | |
| Right click | 716 | |
| Select / deselect | 306 | |
| Select group hotkey | 647 | |
| Use ability | 181 | |
2259 total
» units
| Peasant | 27 | |
| Footman | 7 | |
| Knight | 8 | |
| Sorceress | 1 | |
| Gryphon Rider | 1 | |
44 total
» upgrades
| Masonry | 3 | |
| Plating | 3 | |
| Lumber Harvesting | 2 | |
| Swords | 3 | |
| Animal War Training | 2 | |
| Sorceress Training | 2 | |
| Magic Sentry | 1 | |
| Long Rifles | 1 | |
| Cloud | 1 | |
| Storm Hammers | 1 | |
| Armor | 3 | |
| Priest Training | 2 | |
| Defend | 1 | |
| Backpack | 1 | |
26 total
» buildings
| Altar of Kings | 1 | |
| Barracks | 6 | |
| Farm | 14 | |
| Town Hall | 1 | |
| Arcane Vault | 1 | |
| Lumber Mill | 1 | |
| Scout Tower | 10 | |
| Keep | 7 | |
| Guard Tower | 18 | |
| Arcane Tower | 3 | |
| Blacksmith | 1 | |
| Castle | 6 | |
| Arcane Sanctum | 1 | |
| Gryphon Aviary | 7 | |
77 total
» build order
00:11 Altar of Kings
00:14 Barracks
00:17 Farm
00:51 Farm
01:35 Farm
03:06 Town Hall
03:30 Farm
04:15 Arcane Vault
04:55 Lumber Mill
05:47 Scout Tower
05:49 Scout Tower
05:52 Keep
05:52 Keep
06:18 Guard Tower
06:19 Guard Tower
06:19 Guard Tower
06:20 Scout Tower
06:23 Scout Tower
06:26 Guard Tower
06:49 Guard Tower
06:49 Guard Tower
06:51 Guard Tower
06:52 Guard Tower
07:05 Keep
07:05 Keep
07:09 Scout Tower
07:13 Scout Tower
07:16 Scout Tower
07:41 Guard Tower
07:41 Guard Tower
07:41 Guard Tower
07:42 Guard Tower
07:43 Arcane Tower
07:43 Arcane Tower
07:49 Blacksmith
07:55 Scout Tower
07:56 Scout Tower
07:57 Scout Tower
08:30 Guard Tower
08:30 Guard Tower
08:31 Castle
08:31 Castle
08:32 Castle
09:15 Barracks
09:17 Barracks
09:50 Arcane Sanctum
09:56 Castle
09:56 Castle
10:15 Farm
10:16 Farm
13:53 Farm
13:55 Farm
15:30 Gryphon Aviary
15:31 Gryphon Aviary
15:31 Gryphon Aviary
15:32 Gryphon Aviary
15:34 Gryphon Aviary
15:36 Gryphon Aviary
15:38 Gryphon Aviary
16:24 Farm
16:28 Farm
19:56 Barracks
19:57 Barracks
19:58 Barracks
23:25 Farm
23:26 Farm
23:26 Farm
23:27 Farm
» items
| Boots of Speed | 1 | |
| Staff of Teleportation | 1 | |
| Scroll of Regeneration | 6 | |
| Potion of Invisibility | 3 | |
| Lesser Clarity Potion | 5 | |
| Scroll of Town Portal | 4 | |
| Potion of Healing | 2 | |
| Staff of Sanctuary | 1 | |
| Scroll of Healing | 1 | |
24 total
Mina_TheOne (
orange | 45 APM | 1111 actions | 24:36)
5 Dark Ranger
3 Black Arrow
1 Silence
1 Life Drain
3 Death Knight
2 Unholy Aura
1 Death Coil
» actions
| Assign group hotkey | 11 | |
| Basic commands | 87 | |
| Build / train | 74 | |
| Enter build submenu | 33 | |
| Enter hero's abilities submenu | 8 | |
| Remove unit from queue | 4 | |
| Right click | 383 | |
| Select / deselect | 408 | |
| Select group hotkey | 27 | |
| Use ability | 76 | |
1111 total
» units
| Acolyte | 8 | |
| Ghoul | 8 | |
| Crypt Fiend | 11 | |
| Obsidian Statue | 7 | |
| Gargoyle | 1 | |
35 total
» upgrades
| Unholy Strength | 1 | |
| Unholy Armor | 1 | |
| Cannibalize | 1 | |
| Creature Attack | 3 | |
| Web | 1 | |
| Burrow | 1 | |
| Creature Carapace | 3 | |
| Destroyer Form | 1 | |
| Ghoul Frenzy | 1 | |
| Backpack | 0 | |
13 total
» buildings
| Graveyard | 1 | |
| Ziggurat | 11 | |
| Crypt | 1 | |
| Altar of Darkness | 2 | |
| Nerubian Tower | 1 | |
| Tomb of Relics | 4 | |
| Spirit Tower | 2 | |
| Halls of the Dead | 2 | |
| Slaughterhouse | 1 | |
| Black Citadel | 2 | |
| Necropolis | 1 | |
| Sacrificial Pit | 1 | |
29 total
» build order
01:19 Graveyard
01:23 Ziggurat
01:41 Ziggurat
02:08 Crypt
02:21 Altar of Darkness
02:33 Nerubian Tower
03:06 Tomb of Relics
03:09 Tomb of Relics
03:51 Spirit Tower
05:43 Halls of the Dead
06:52 Tomb of Relics
07:11 Ziggurat
08:16 Slaughterhouse
09:27 Black Citadel
11:47 Necropolis
17:20 Ziggurat
17:24 Ziggurat
17:31 Ziggurat
17:56 Ziggurat
18:06 Ziggurat
19:20 Spirit Tower
19:24 Ziggurat
19:25 Ziggurat
19:31 Ziggurat
20:08 Halls of the Dead
22:30 Black Citadel
23:05 Sacrificial Pit
23:47 Tomb of Relics
23:57 Altar of Darkness
» items
| Rod of Necromancy | 1 | |
| Boots of Speed | 1 | |
2 total
team 2 (loser)
cooner (
purple | 84 APM | 1767 actions | 21:04)
5 Warden
3 Shadow Strike
2 Blink
» actions
| Assign group hotkey | 11 | |
| Basic commands | 2 | |
| Build / train | 114 | |
| Enter build submenu | 12 | |
| Enter hero's abilities submenu | 5 | |
| Remove unit from queue | 4 | |
| Right click | 1131 | |
| Select / deselect | 296 | |
| Select group hotkey | 26 | |
| Use ability | 166 | |
1767 total
» units
| Wisp | 21 | |
| Dryad | 13 | |
| Druid of the Claw | 20 | |
54 total
» upgrades
| Abolish Magic | 1 | |
| Strength of the Wild | 3 | |
| Reinforced Hides | 3 | |
| Druid of the Claw Training | 2 | |
| Mark of the Claw | 1 | |
10 total
» buildings
| Moon Well | 5 | |
| Altar of Elders | 1 | |
| Tree of Ages | 2 | |
| Ancient of War | 1 | |
| Ancient of Wonders | 1 | |
| Hunter's Hall | 1 | |
| Ancient of Lore | 2 | |
| Tree of Eternity | 1 | |
14 total
» build order
00:22 Moon Well
01:00 Altar of Elders
01:15 Moon Well
02:28 Tree of Ages
02:38 Ancient of War
02:51 Ancient of Wonders
03:46 Hunter's Hall
04:18 Moon Well
04:31 Moon Well
05:52 Ancient of Lore
06:13 Ancient of Lore
08:50 Tree of Eternity
09:45 Moon Well
» items
| Lesser Clarity Potion | 2 | |
| Boots of Speed | 1 | |
| Potion of Healing | 5 | |
| Potion of Lesser Invulnerability | 1 | |
| Scroll of Town Portal | 2 | |
| Potion of Mana | 1 | |
12 total

»
iK-Stinger-Ya (
green | 62 APM | 1513 actions | 24:16)
4 Archmage
2 Summon Water Elemental
2 Brilliance Aura
3 Mountain King
2 Storm Bolt
1 Bash
1 Paladin
1 Holy Light
» actions
| Assign group hotkey | 1 | |
| Basic commands | 83 | |
| Build / train | 103 | |
| ESC pressed | 6 | |
| Enter build submenu | 23 | |
| Enter hero's abilities submenu | 8 | |
| Right click | 608 | |
| Select / deselect | 532 | |
| Select group hotkey | 15 | |
| Use ability | 134 | |
1513 total
» units
| Peasant | 15 | |
| Footman | 12 | |
| Priest | 3 | |
| Spell Breaker | 8 | |
| Sorceress | 1 | |
39 total
» upgrades
| Masonry | 3 | |
| Lumber Harvesting | 2 | |
| Priest Training | 2 | |
| Sorceress Training | 2 | |
| Magic Sentry | 1 | |
| Defend | 1 | |
| Swords | 3 | |
| Plating | 3 | |
| Control Magic | 1 | |
18 total
» buildings
| Altar of Kings | 1 | |
| Farm | 12 | |
| Barracks | 1 | |
| Scout Tower | 10 | |
| Lumber Mill | 1 | |
| Arcane Tower | 4 | |
| Town Hall | 1 | |
| Arcane Vault | 1 | |
| Keep | 2 | |
| Guard Tower | 4 | |
| Arcane Sanctum | 3 | |
| Castle | 1 | |
| Blacksmith | 1 | |
42 total
» build order
00:14 Altar of Kings
00:17 Farm
00:45 Barracks
00:58 Farm
01:52 Farm
01:56 Scout Tower
02:28 Lumber Mill
02:35 Arcane Tower
02:35 Arcane Tower
03:56 Town Hall
04:02 Arcane Vault
05:00 Farm
05:04 Farm
05:50 Keep
05:50 Keep
06:06 Scout Tower
06:06 Scout Tower
06:08 Scout Tower
06:08 Scout Tower
06:10 Scout Tower
07:26 Guard Tower
07:26 Guard Tower
07:27 Guard Tower
07:27 Guard Tower
08:21 Arcane Sanctum
08:26 Arcane Sanctum
08:34 Arcane Tower
08:34 Arcane Tower
09:15 Arcane Sanctum
11:04 Castle
11:13 Farm
11:14 Farm
12:07 Blacksmith
20:13 Farm
20:14 Farm
20:15 Farm
20:16 Farm
20:18 Farm
20:22 Scout Tower
20:23 Scout Tower
20:23 Scout Tower
20:24 Scout Tower
» items
| Scroll of Regeneration | 6 | |
| Lesser Clarity Potion | 1 | |
| Mechanical Critter | 2 | |
| Scroll of Town Portal | 4 | |
| Scroll of Protection | 1 | |
| Potion of Lesser Invulnerability | 1 | |
| Staff of Sanctuary | 1 | |
| Orb of Fire | 1 | |
17 total
zhugeliang (
blue | 71 APM | 1735 actions | 24:36)
4 Archmage
1 Summon Water Elemental
2 Brilliance Aura
1 Blizzard
1 Pandaren Brewmaster
1 Breath of Fire
» actions
| Assign group hotkey | 32 | |
| Build / train | 81 | |
| Enter build submenu | 40 | |
| Enter hero's abilities submenu | 5 | |
| Remove unit from queue | 4 | |
| Right click | 607 | |
| Select / deselect | 337 | |
| Select group hotkey | 543 | |
| Use ability | 86 | |
1735 total
» units
| Peasant | 20 | |
| Rifleman | 4 | |
| Mortar Team | 8 | |
| Sorceress | 7 | |
| Goblin Shredder | 1 | |
| Gryphon Rider | 3 | |
43 total
» upgrades
| Gunpowder | 3 | |
| Sorceress Training | 1 | |
| Lumber Harvesting | 1 | |
| Control Magic | 1 | |
| Magic Sentry | 1 | |
| Fragmentation Shards | 1 | |
8 total
» buildings
| Altar of Kings | 1 | |
| Farm | 12 | |
| Blacksmith | 1 | |
| Barracks | 1 | |
| Scout Tower | 18 | |
| Keep | 1 | |
| Lumber Mill | 1 | |
| Arcane Vault | 1 | |
| Arcane Tower | 1 | |
| Workshop | 2 | |
| Arcane Sanctum | 2 | |
| Town Hall | 1 | |
| Guard Tower | 9 | |
| Castle | 1 | |
| Gryphon Aviary | 3 | |
55 total
» build order
00:23 Altar of Kings
00:39 Farm
01:12 Blacksmith
01:21 Farm
01:32 Barracks
02:54 Scout Tower
03:05 Farm
03:18 Keep
03:51 Farm
04:25 Lumber Mill
04:57 Arcane Vault
05:04 Farm
05:24 Arcane Tower
06:34 Workshop
06:38 Workshop
06:42 Arcane Sanctum
06:47 Arcane Sanctum
07:01 Town Hall
07:35 Scout Tower
07:36 Scout Tower
09:00 Guard Tower
09:49 Guard Tower
10:10 Farm
10:13 Farm
10:17 Castle
13:59 Scout Tower
14:00 Scout Tower
14:02 Scout Tower
14:03 Scout Tower
14:04 Scout Tower
14:34 Farm
14:52 Scout Tower
14:53 Scout Tower
15:05 Scout Tower
15:06 Scout Tower
15:07 Scout Tower
15:09 Scout Tower
15:10 Scout Tower
15:36 Guard Tower
15:38 Guard Tower
17:08 Guard Tower
17:08 Guard Tower
17:09 Guard Tower
17:09 Guard Tower
17:10 Guard Tower
18:07 Farm
20:20 Farm
21:34 Gryphon Aviary
21:36 Gryphon Aviary
21:39 Gryphon Aviary
22:30 Farm
22:31 Farm
23:54 Scout Tower
23:55 Scout Tower
23:56 Scout Tower
» items
| Scroll of Regeneration | 4 | |
| Scroll of Town Portal | 3 | |
7 total

»
kland (
pink | 40 APM | 922 actions | 23:05)
4 Shadow Hunter
2 Healing Wave
1 Serpent Ward
1 Hex
» actions
| Basic commands | 108 | |
| Build / train | 71 | |
| Enter build submenu | 14 | |
| Enter hero's abilities submenu | 5 | |
| Remove unit from queue | 1 | |
| Right click | 411 | |
| Select / deselect | 255 | |
| Use ability | 57 | |
922 total
» units
| Peon | 21 | |
| Grunt | 8 | |
| Shaman | 13 | |
| Tauren | 10 | |
52 total
» upgrades
| Pillage | 1 | |
| Melee Weapons | 2 | |
| Armor | 1 | |
| Ranged Weapons | 1 | |
| Shaman Training | 2 | |
| Pulverize | 2 | |
9 total
» buildings
| Orc Burrow | 4 | |
| Altar of Storms | 1 | |
| Barracks | 1 | |
| War Mill | 1 | |
| Watch Tower | 1 | |
| Stronghold | 1 | |
| Voodoo Lounge | 1 | |
| Fortress | 1 | |
| Spirit Lodge | 1 | |
| Tauren Totem | 1 | |
13 total
» build order
00:23 Orc Burrow
00:40 Altar of Storms
00:53 Barracks
01:08 War Mill
01:52 Orc Burrow
02:24 Watch Tower
02:51 Orc Burrow
04:44 Stronghold
05:48 Voodoo Lounge
07:09 Orc Burrow
07:11 Fortress
07:19 Spirit Lodge
09:53 Tauren Totem
» items
Chat log
(00:03 / All) ReignlForever: sup
(00:08 / All) cooner: you shouldv left
(00:20 / All) ReignlForever: Why?
(00:32 / All) cooner: needed that win
(00:32 / All) Glockstompa: blue were u prp last game?
(00:41 / All) zhugeliang: no
(00:55 / All) zhugeliang: i was red
(01:07 / All) ReignlForever: I was the towerman
(01:13 / Allies) Mina_TheOne: :( fuk me im sry
(01:18 / All) ReignlForever: The architect, the one who designed the game
(01:20 / Allies) Glockstompa: np oj np
(01:21 / All) ReignlForever: Who determined the match
(01:27 / All) ReignlForever: OH MINA THE ONE, ANOTHER FAMILIAR FACE
(01:31 / All) ReignlForever: Didn't notice you
(01:37 / All) ReignlForever: Too bad I am solo and rusty
(01:59 / Allies) Mina_TheOne: they no i was afk
(02:04 / Allies) Glockstompa: thats fine
(02:11 / Allies) Mina_TheOne: still
(04:37 / Allies) Glockstompa: spare lumber for my expo towers?
(05:09 / Allies) Glockstompa: units guys?
(05:15 / Allies) Chevy: arch hunt
(05:17 / Allies) Chevy: err
(05:19 / Allies) Chevy: arch dryad
(05:50 / Allies) Mina_TheOne: what should i go..
(06:07 / Allies) Glockstompa: melee casters is me
(06:10 / Allies) Chevy: web feinds
(06:12 / Allies) Mina_TheOne: fukin a
(07:53 / Allies) Chevy: lol
(07:59 / Allies) ReignlForever: ?
(08:09 / All) ReignlForever: lol
(08:09 / All) cooner: lol
(08:12 / All) cooner: the creep stunned me
(08:12 / All) Chevy: haha
(08:16 / All) cooner: what fuckin lucki
(08:24 / Allies) Glockstompa: pretty sure hes hacking
(08:25 / Allies) Glockstompa: prp
(10:19 / Allies) Mina_TheOne: can i have that mine sky plz
(10:22 / Allies) Mina_TheOne: u take one belpw
(10:24 / Allies) Chevy: yeah
(10:27 / Allies) Mina_TheOne: ty
(11:14 / Allies) Glockstompa: pretty sure prp will have chims
(11:31 / Allies) ReignlForever: he is going dryad/bear
(12:03 / Allies) Glockstompa: lust soon
(13:10 / Allies) Chevy: b
(13:39 / Allies) Glockstompa: tauren soon
(14:25 / Allies) Glockstompa: rdy to tp
(14:36 / Allies) Glockstompa: lust rdy
(14:49 / Allies) Mina_TheOne: they prly go to my xpo
(14:59 / Allies) Glockstompa: tauren pumping
(15:06 / Allies) Glockstompa: spare lumber plxxx
(15:34 / Allies) Glockstompa: dam really didn't wanna fight here
(16:44 / Allies) Glockstompa: i can't tp im casters
(16:48 / Allies) ReignlForever: no repairing?
(16:54 / Allies) ReignlForever: I got no tp
(17:16 / Allies) Glockstompa: middle for mana then hit
(17:35 / All) cooner: thanks for killin that mg
(17:43 / All) ReignlForever: np
(17:43 / Allies) Glockstompa: b
(17:44 / Allies) Glockstompa: b
(17:57 / Allies) Glockstompa: good mana
(17:58 / Allies) Glockstompa: stop at me
(18:02 / Allies) Glockstompa: man*
(18:11 / Allies) ReignlForever: was flame striking them in the choke
(18:31 / All) ReignlForever: You can leave now
(18:33 / All) ReignlForever: out
(18:35 / All) ReignlForever: Bye-bye again cooner
(19:06 / All) cooner: pink 2 tauren
(19:30 / Allies) Glockstompa: those morts will rape me
(19:43 / Allies) ReignlForever: I got flame strike
(20:30 / Allies) Mina_TheOne: green d
(20:33 / All) cooner: good job teal
(20:35 / All) cooner: another win
(20:41 / All) ReignlForever: This is a 0-0 account again
(20:46 / All) ReignlForever: I don't care about winning or losing
(20:57 / All) cooner: others do
(20:58 / All) cooner: remember
(20:59 / All) cooner: that
(21:02 / All) cooner: asshole
(21:02 / All) ReignlForever: I know
(22:06 / All) Glockstompa: enjoy it blue